 Dungeon Crawl Stone Soup version 0.32-a0-12-g7fc57aa741 (webtiles) character file.

Game seed: 16405853243253956571

1427 Gargoyl the Chopper (level 8, -1/76 HPs)
             Began as a Gargoyle Berserker on Jan 14, 2024.
             Was a Follower of Trog.
             Slain by Ralffi009's ghost (8 damage)
             ... on level 5 of the Dungeon.
             The game lasted 00:06:29 (4038 turns).

Gargoyl the Chopper (Gargoyle Berserker)            Turns: 4038, Time: 00:06:30

Health: -1/76      AC: 18    Str: 21    XL:     8   Next: 72%
Magic:  8/8        EV:  9    Int:  8    God:    Trog [*.....]
Gold:   167        SH:  0    Dex: 11    Spells: 7/7 levels left

rFire   . . .        s - +0 hand axe (elec)
rCold   . . .        (no shield)
rNeg    + . .        b - +0 chain mail
rPois   ∞            i - +0 helmet
rElec   +            (no cloak)
rCorr   .            h - +0 pair of gloves
SInv    .            (no boots)
Will    .....        (no amulet) Stlth
                     (no ring)
HPRegen 0.32/turn    (no ring)
MPRegen 0.11/turn

%: no passive effects
@: berserking, very quick
A: sickness immunity, AC +5, negative energy resistance 1, electricity
resistance, torment resistance 1, petrification resistance
a: Renounce Religion, Berserk


You were on level 5 of the Dungeon.
You worshipped Trog.
Trog was aware of your devotion.
You visited 1 branch of the dungeon, and saw 5 of its levels.

You collected 167 gold pieces.

Inventory:

Hand Weapons
 a - a +0 hand axe
 s - a +0 hand axe of electrocution (weapon)
 t - a +3 flail of protection
Missiles
 l - 3 curare-tipped darts (quivered)
Armour
 b - a +0 chain mail (worn)
 h - a +0 pair of gloves (worn)
 i - a +0 helmet (worn)
Jewellery
 p - an amulet of regeneration
Wands
 j - a wand of light (13)
Scrolls
 o - 2 scrolls of teleportation
 r - a scroll of summoning {unknown}
Potions
 c - 3 potions of might
 d - a potion of lignification
 e - a potion of degeneration {unknown}
 f - 5 potions of curing {unknown}
 g - 3 potions of mutation {unknown}
 k - 2 potions of haste {unknown}
 m - a potion of brilliance {unknown}
 n - a potion of attraction {unknown}


   Skills:
 + Level 5.8 Fighting
 + Level 7.4 Axes
 + Level 5.4 Armour
 + Level 3.0 Dodging
 + Level 1.1 Stealth


You had 7 spell levels left.
You didn't know any spells.
Your spell library was empty.

Dungeon Overview and Level Annotations

Branches:
Dungeon (5/15)
 Temple: D:4-7

Altars:
Vehumet

Annotations:
D:5 Ralffi009's ghost, amateur DrCj


Innate Abilities, Weirdness & Mutations

You are immune to sickness and miasma.
Your stone body is resilient. (AC +5)
You are immune to poison.
You resist negative energy. (rN+)
You are resistant to electric shocks. (rElec)
You are resistant to unholy torment.
You are immune to petrification.


Message History

The cerulean imp hits you from afar with a +2 spear.
The cerulean imp hits you with a +0 spear.
The cerulean imp hits you with a +1 spear.
* * * LOW HITPOINT WARNING * * *
You hit Ralffi009's ghost.
Ralffi009's ghost is almost destroyed.
You hit the cerulean imp.
You hit the cerulean imp but do no damage.
Ralffi009's ghost mumbles some strange words.
Ralffi009's ghost blinks!
The cerulean imp hits you but does no damage. x3
The cerulean imp disappears in a puff of smoke!
Ralffi009's ghost mumbles some strange words.
Ralffi009's ghost blinks!
The cerulean imp closely misses you.
The cerulean imp hits you from afar with a +1 spear.
* * * LOW HITPOINT WARNING * * *
Unknown command.
Ralffi009's ghost casts a spell.
Ralffi009's ghost blinks!
The cerulean imp hits you but does no damage.
Okay, then.
Okay, then.
The cerulean imp attacks as it pursues you!
The cerulean imp hits you but does no damage.
The cerulean imp closely misses you.
A scorpion comes into view.
Ralffi009's ghost laughs crazily.
Ralffi009's ghost hits you!
* * * LOW HITPOINT WARNING * * *
Unknown command.
A red film seems to cover your vision as you go berserk!
You feel yourself moving faster!
You feel mighty!
The cerulean imp disappears in a puff of smoke!
Ralffi009's ghost hits you.
* * * LOW HITPOINT WARNING * * *
The cerulean imp closely misses you.
You hit Ralffi009's ghost but do no damage.
Ralffi009's ghost is almost destroyed.
Ralffi009's ghost hits you!
You die...

#.#....#.........................
..#.#....#.######.....#.#..#.####
###.##.#.#.# #.....#.#........
...........# #.....#.#.##.####
###.##...########.....#.#.##.####
#.....................#.##.##..
#...............#######.##.##.#
###.>.............5.......##.##.#
..............sW@.§..##...##.##..
.##..##..........######....#.##..
.#...............# #.#..#.##..
.#...##..........######.#....##..
.#....#.######...##..............
.#..###.# #...##.###.#.#..##.#
........######...##.# #.#.#.....#
.#.##.###...##...##.# #.#......##
.#.##.# #...##...##.# #.####..###


You could see a scorpion, Ralffi009's ghost and a cerulean imp (summoned).

Vanquished Creatures
  Pikel (D:5)
  Eustachio (D:4)
  Menkaure (D:5)
  Duvessa (D:5)
  A phantom (D:5)
  2 scorpions
  Dowan (D:5)
  A jelly (D:4)
  An orc priest (D:3)
  2 iguanas
  Terence (D:3)
  An orc wizard (D:3)
  Robin (D:3)
  4 gnolls
  4 adders
  A dart slug (D:4)
  4 ribbon worms
  10 orcs
  7 ball pythons
  10 endoplasms
  A giant cockroach (D:1)
  15 goblins
  5 hobgoblins
  4 quokkas
  4 bats (D:3)
  3 frilled lizards
  11 kobolds
  4 rats
102 creatures vanquished.

Notes
Turn   | Place    | Note
-------+----------+-------------------------------------------
     0 | D:1      | Gargoyl the Gargoyle Berserker began the quest for the Orb.
     0 | D:1      | Reached XP level 1. HP: 14/14 MP: 1/1
   271 | D:1      | Reached skill level 3 in Axes
   271 | D:1      | Reached XP level 2. HP: 19/19 MP: 2/2
   581 | D:1      | Reached XP level 3. HP: 19/24 MP: 3/3
   964 | D:2      | Found a radiant altar of Vehumet.
  1362 | D:3      | Reached XP level 4. HP: 29/29 MP: 4/4
  1383 | D:3      | Reached ** piety under Trog
  1551 | D:3      | Reached skill level 4 in Axes
  1551 | D:3      | Reached XP level 5. HP: 33/33 MP: 5/5
  1663 | D:3      | Noticed Terence
  1676 | D:3      | Killed Terence
  1901 | D:3      | Noticed Robin
  1904 | D:3      | Reached skill level 1 in Stealth
  1913 | D:3      | Killed Robin
  1914 | D:3      | Reached XP level 6. HP: 39/39 MP: 6/6
  2374 | D:4      | Identified the +1 robe "Popararo" {Rampage rElec}
  2717 | D:4      | Noticed Eustachio
  2736 | D:4      | Killed Eustachio
  2737 | D:4      | Reached skill level 5 in Axes
  2737 | D:4      | Reached XP level 7. HP: 44/44 MP: 7/7
  2892 | D:5      | Entered Level 5 of the Dungeon
  3184 | D:5      | Noticed Pikel
  3213 | D:5      | Killed Pikel
  3214 | D:5      | Reached skill level 5 in Fighting
  3214 | D:5      | Reached skill level 6 in Axes
  3214 | D:5      | Reached skill level 5 in Armour
  3214 | D:5      | Reached XP level 8. HP: 49/49 MP: 8/8
  3437 | D:5      | Noticed Duvessa
  3437 | D:5      | Noticed Dowan
  3447 | D:5      | Killed Duvessa
  3472 | D:5      | Noticed Ralffi009's ghost (amateur DrCj)
  3481 | D:5      | Killed Dowan
  3482 | D:5      | Reached skill level 7 in Axes
  3487 | D:5      | Found a runed translucent door.
  3491 | D:5      | Noticed Menkaure
  3500 | D:5      | Killed Menkaure
  4038 | D:5      | Slain by Ralffi009's ghost

Illustrated notes

Levels and vault maps discovered:
D:1:      heliophobic_arrival_battle_scene, layout_loops_corners
D:2:      layout_rooms, basic_altar, grunt_ministairs_9
D:3:      layout_basic, minmay_misc_feat_columns, minmay_goblin_kobold_house,
          uniq_terence, uniq_robin
D:4:      layout_gridville, uniq_eustachio
D:5:      layout_basic, hellmonk_ghost_happy_afterlife, uniq_duvessa,
          uniq_pikel, uniq_menkaure

Skill      XL: |  1  2  3  4  5  6  7  8 |
---------------+-------------------------+-----
Axes           | 3 4 5 6 7 |  7.4
Dodging        | 2 3 |  3.0
Fighting       | 4 5 |  5.8
Armour         | 3 4 5 |  5.4
Stealth        | 1 |  1.1

Action                     |  1- 3 |  4- 6 |  7- 9 || total
---------------------------+-------+-------+-------++-------
  Melee: Hand axe          |   115 |   148 |   130 ||   393
         Punch             |       |     2 |     2 ||     4
 Invoke: Berserk           |       |     7 |     6 ||    13
         Trog's Hand       |       |     1 |     8 ||     9
    Use: Scroll            |     2 |     5 |     1 ||     8
   Stab: Sleeping          |     1 |       |       ||     1
 Armour: Animal skin       |    25 |       |       ||    25
         Ring mail         |    48 |     3 |       ||    51
         Chain mail        |       |   144 |   193 ||   337
  Dodge: Dodged            |    68 |    72 |    79 ||   219

Table legend: (Time is in decaauts)
 A = Elapsed time spent in this place.
 B = Non-inter-level travel time spent in this place.
 C = Inter-level travel time spent in this place.
 D = Time resting spent in this place.
 E = Time spent auto-exploring this place.
 F = Levels seen in this place.
 G = Mean time per level.
                   A        B        C        D        E       F      G
               +--------+--------+--------+--------+--------+-----+--------+
         Total |   4163 |   4067 |     96 |    148 |   2781 |   5 |  832.6 |
       Dungeon |   4163 |   4067 |     96 |    148 |   2781 |   5 |  832.6 |
               +--------+--------+--------+--------+--------+-----+--------+

Top non-repeatable levels by time:
     D:5: 1174 daAuts
     D:3: 1003 daAuts
     D:1: 848 daAuts
     D:4: 622 daAuts
     D:2: 514 daAuts
